 Dungeon Crawl Stone Soup version 0.31.0-12-g77e489cdc1 (webtiles) character file.

Game seed: 2010917382332679

389 booth the Chopper (level 6, -8/50 HPs)
             Began as a Demonspawn Monk on Feb 11, 2024.
             Mangled by an ogre
             ... wielding a +0 giant spiked club
              (27 damage)
             ... on level 4 of the Dungeon.
             The game lasted 00:20:35 (3159 turns).

booth the Chopper (Demonspawn Monk)                 Turns: 3159, Time: 00:20:36

Health: -8/50      AC:  5    Str: 13    XL:     6   Next: 49%
Magic:  6/6        EV: 11    Int: 14    God:
Gold:   252        SH:  0    Dex: 14    Spells: 5/5 levels left

rFire   . . .        a - +0 hand axe
rCold   . . .        d - orb {light}
rNeg    + . .        e - +0 ring mail
rPois   .            (helmet restricted)
rElec   .            (no cloak)
rCorr   .            (no gloves)
SInv    .            (no boots)
Will    .....        (no amulet)
Stlth   +            n - ring of positive energy
HPRegen 0.28/turn    (no ring)
MPRegen 0.10/turn

%: no passive effects
@: lethally poisoned (-8 -> -10), glowing
A: antennae 1, foul stench 1, weakness stinger 1, clever 1
a: no special abilities


You were on level 4 of the Dungeon.
You visited 1 branch of the dungeon, and saw 4 of its levels.

You collected 252 gold pieces.

Inventory:

Hand Weapons
 a - a +0 hand axe (weapon)
 g - a +0 war axe
 k - a +0 mace
Missiles
 c - 2 curare-tipped darts (quivered)
Armour
 d - an orb of light (worn)
 e - a +0 ring mail (worn)
Jewellery
 n - a ring of positive energy (left hand)
 r - a ring of willpower
Scrolls
 b - a scroll of brand weapon {unknown}
 f - 2 scrolls of teleportation
 i - a scroll of blinking {unknown}
 m - a scroll of fear
 o - a scroll of immolation {unknown}
 p - a scroll of vulnerability {unknown}
Potions
 h - a potion of might
 j - a potion of curing
 l - a potion of brilliance {unknown}
 q - 2 potions of magic {unknown}
 s - a potion of lignification {unknown}


   Skills:
 + Level 4.8 Fighting
 * Level 5.6 Axes
 - Level 3.0 Dodging


You had 5 spell levels left.
You didn't know any spells.
Your spell library contained the following spells:

 Spells                   Type           Power      Damage    Failure   Level
 Slow                     Hex            0%         N/A       54%         1
 Summon Small Mammal      Summ           0%         N/A       54%         1
 Cigotuvi's Dreadful Rot  Necr/Alch/Air  0%         N/A       67%         2
 Call Canine Familiar     Summ           0%         N/A       88%         3
 Confusing Touch          Hex            0%         N/A       88%         3
 Sigil of Binding         Hex            0%         N/A       88%         3
 Vampiric Draining        Necr           0%         2d6       88%         3
 Ignite Poison            Fire/Alch      0%         N/A       99%         4
 Summon Blazeheart Golem  Fire/Summ      0%         N/A       99%         4
 Freezing Cloud           Conj/Ice/Air   0%         6-21      100%        5
 Orb of Destruction       Conj           0%         9d5       100%        7
 Spellforged Servitor     Conj/Summ      0%         N/A       100%        7


Dungeon Overview and Level Annotations

Branches:
Dungeon (4/15)
 Temple: D:4-7

Altars:
Uskayaw


Innate Abilities, Weirdness & Mutations

You have a pair of small antennae on your head.
You may rarely emit foul miasma when damaged in melee.
You have a small tail.
Your mind is acute. (Int +4, Str/Dex -1)


Message History

You hit the ogre.
The ogre is moderately wounded.
You hit the ogre but do no damage.
The ogre is moderately wounded.
You barely miss the scorpion. The scorpion misses you.
The ogre closely misses you. The scorpion stings you!
You are poisoned.
The scorpion poisons you!
Throw: 5 darts (curare)
Press: ? - help, Q - select action Shift-Dir - straight line, f - scorpion
Aim: a scorpion (haloed, 77% to hit)
You throw a curare-tipped dart.
The curare-tipped dart hits the scorpion.
The scorpion is poisoned.
The scorpion struggles to breathe.
The scorpion seems to slow down.
The scorpion is heavily wounded.
You feel sick.
Throw: 4 darts (curare)
Press: ? - help, Q - select action Shift-Dir - straight line, f/p - scorpion
Aim: a scorpion (almost dead, very poisoned, slow, haloed, 77% to hit)
You throw a curare-tipped dart.
The curare-tipped dart hits the scorpion.
The scorpion looks as sick as possible!
The scorpion struggles to breathe.
You kill the scorpion!
You feel sick.
Throw: 3 darts (curare)
Press: ? - help, Q - select action Shift-Dir - straight line, f - ogre
Aim: an ogre, wielding a +0 giant spiked club (moderately wounded, haloed, 93% to hit)
You throw a curare-tipped dart. The curare-tipped dart hits the ogre.
The ogre is poisoned.
The ogre struggles to breathe.
The ogre seems to slow down.
The ogre is heavily wounded.
You feel sick.
You hit the ogre but do no damage.
The ogre is heavily wounded.
You feel sick.
The ogre hits you with a +0 giant spiked club!!
Ouch! That really hurt!
You die...

#.....# '.....#
#†....# #.....#
#.....# ######
#.....# #....#
#.....# #.88.#
+.....#######.88.#
#...........'...@#{
#...........####O#
#............##.?#
#............##..#
'............#.###
#............#.
######.......#.
)..# #.......#
#''###########


You could see an ogre (very poisoned, slow).

Vanquished Creatures
  A black bear (D:4)
  A scorpion (D:4)
  A jelly (D:4)
  A bombardier beetle (D:4)
  2 iguanas (D:4)
  4 gnolls (D:4)
  A dart slug (D:4)
  2 ribbon worms
  6 orcs
  8 ball pythons
  8 endoplasms
  4 giant cockroaches
  9 goblins
  6 hobgoblins
  3 jackals (D:2)
  11 kobolds
  4 quokkas
  2 bats
  3 frilled lizards (D:3)
  4 rats
81 creatures vanquished.

Notes
Turn   | Place    | Note
-------+----------+-------------------------------------------
     0 | D:1      | booth the Demonspawn Monk began the quest for the Orb.
     0 | D:1      | Reached XP level 1. HP: 18/18 MP: 1/1
   188 | D:1      | Reached skill level 3 in Axes
   188 | D:1      | Gained mutation: You may rarely emit foul miasma when
                  | damaged in melee. [demonic ancestry]
   188 | D:1      | Reached XP level 2. HP: 24/24 MP: 2/2
   940 | D:2      | Discovered your monstrous ancestry.
   940 | D:2      | Gained mutation: You have a small tail. [demonic ancestry]
   940 | D:2      | Reached XP level 3. HP: 27/29 MP: 3/3
  1790 | D:3      | Found a hide-covered altar of Uskayaw.
  1848 | D:3      | Reached XP level 4. HP: 27/36 MP: 4/4
  2312 | D:4      | Noticed a black bear
  2331 | D:4      | Gained mutation: Your body sometimes deteriorates upon
                  | taking damage. [potion of mutation]
  2331 | D:4      | Gained mutation: You are partially covered in iridescent
                  | scales. (AC +2) [potion of mutation]
  2334 | D:4      | Reached skill level 4 in Axes
  2338 | D:4      | Killed a black bear
  2339 | D:4      | Reached XP level 5. HP: 8/42 MP: 5/5
  2340 | D:4      | HP: 2/63 [gnoll/+0 spear (3)]
  2582 | D:4      | Reached skill level 5 in Axes
  2717 | D:4      | Lost mutation: You are partially covered in iridescent
                  | scales. (AC +2) [potion of mutation]
  2717 | D:4      | Lost mutation: Your body sometimes deteriorates upon taking
                  | damage. [potion of mutation]
  2717 | D:4      | Gained mutation: You sometimes lose your temper in combat.
                  | [potion of mutation]
  2717 | D:4      | Gained mutation: Your mind is acute. (Int +4, Str/Dex -1)
                  | [potion of mutation]
  2717 | D:4      | Lost mutation: You sometimes lose your temper in combat.
                  | [potion of mutation]
  2786 | D:4      | Gained mutation: You have a pair of small antennae on your
                  | head. [demonic ancestry]
  2786 | D:4      | Reached XP level 6. HP: 49/49 MP: 6/6
  3159 | D:4      | Mangled by an ogre

Illustrated notes

Levels and vault maps discovered:
D:1:      lightli_arrival_isolated_outpost, layout_basic, bh_walls_and_bars
D:2:      layout_rooms, serial_bayou, serial_bayou_shore_a, serial_bayou_ford_a,
          serial_bayou_shore_b, serial_bayou_lagoon_a, serial_bayou_crossing,
          grunt_ministairs_11
D:3:      layout_loops_ring, mainiacjoe_overflow_alcove_4
D:4:      minmay_chambers_of_fours, layout_gridville, kennysheep_generic_room_7

Skill      XL: |  1  2  3  4  5 |
---------------+----------------+-----
Axes           | 3 4 5 |  5.6
Dodging        | 3 |  3.0
Fighting       | 4 |  4.8

Action                     |  1- 3 |  4- 6 || total
---------------------------+-------+-------++-------
  Melee: Hand axe          |   135 |    75 ||   210
         Tailslap          |     7 |    10 ||    17
  Throw: Dart              |       |     7 ||     7
    Use: Scroll            |     4 |     1 ||     5
         Potion            |     1 |     6 ||     7
 Armour: Ring mail         |    78 |    69 ||   147
  Dodge: Dodged            |    62 |    59 ||   121
